 Dungeon Crawl Stone Soup version 0.21.1-1-g345015f (webtiles) character file.

665 Hasart the Scratcher (level 7, -1/33 HPs)
             Began as a Felid Monk on Apr 7, 2018.
             Was a Believer of Uskayaw.
             Slain by a black bear (6 damage)
             ... on level 6 of the Dungeon.
             The game lasted 00:11:49 (8023 turns).

Hasart the Scratcher (Felid Monk)                   Turns: 8023, Time: 00:11:50

Health: -1/33      AC:  2    Str:  7    XL:     7   Next: 31%
Magic:  10/10      EV: 26    Int: 11    God:    Uskayaw [**....]
Gold:   46         SH:  0    Dex: 27    Spells: 4/6 levels left
                                        Lives:  0   Deaths: 2

rFire    . . .     SeeInvis +     - Unarmed
rCold    . . .     Gourm    .   (shield unavailable)
rNeg     . . .     Faith    .   (armour unavailable)
rPois    .         Spirit   .   (helmet unavailable)
rElec    .         Reflect  .   (cloak unavailable)
rCorr    .         Harm     .   (gloves unavailable)
MR       +....                  (boots unavailable)
Stlth    ++++++....             (no amulet)
HPRegen  0.11/turn              t - ring of stealth
MPRegen  0.12/turn              y - +6 ring of dexterity

@: quick
A: very small, no armour, no weapons or thrown items, stealth, claws 1, fangs 3,
see invisible, carnivore, speed 1, shaggy fur 2, slow metabolism 1, sharp paws
a: Stomp, Line Pass, Renounce Religion


You were on level 6 of the Dungeon.
You worshipped Uskayaw.
Uskayaw was noncommittal.
You were not hungry.

You visited 2 branches of the dungeon, and saw 7 of its levels.

You collected 273 gold pieces.
You spent 227 gold pieces at shops.

Inventory:

Jewellery
 d - an uncursed ring of wizardry {unknown}
 t - a ring of stealth (left paw)
 y - a +6 ring of dexterity (right paw)
Wands
 u - a wand of digging (16)
Scrolls
 b - 2 scrolls of enchant weapon {unknown}
 c - 10 scrolls of identify {unknown}
 f - a scroll of fear {unknown}
 i - a scroll of amnesia {unknown}
 j - 5 scrolls of remove curse {unknown}
 k - a scroll of random uselessness {unknown}
 o - a scroll of noise {unknown}
 r - 5 scrolls of magic mapping {unknown}
 s - 2 scrolls of enchant armour {unknown}
 v - a scroll of blinking {unknown}
Potions
 e - a potion of cancellation {unknown}
 g - 2 potions of curing {unknown}
 h - a potion of magic {unknown}
 l - 2 potions of lignification {unknown}
 m - a potion of berserk rage {unknown}
 n - a potion of ambrosia {unknown}
 p - a potion of haste
 q - a potion of mutation {unknown}
Books
 w - Mofyusue's Disquisition on Flight
   (You found it on level 5 of the Dungeon)

   Spells                             Type                      Level
   a - Shock                          Conjuration/Air              1
   b - Swiftness                      Charms/Air                   2
   c - Poisonous Vapours              Poison/Air                   2
   d - Deflect Missiles               Charms/Air                   6
   e - Tornado                        Air                          9
 x - a book of Maledictions

   Spells                             Type                      Level
   a - Corona                         Hexes                        1
   b - Ensorcelled Hibernation        Hexes/Ice                    2
   c - Confuse                        Hexes                        3
   d - Tukima's Dance                 Hexes                        3
   e - Dazzling Spray                 Conjuration/Hexes            3
 z - a book of Necromancy

   Spells                             Type                      Level
   a - Pain                           Necromancy                   1
   b - Animate Skeleton               Necromancy                   1
   c - Vampiric Draining              Necromancy                   3
   d - Regeneration                   Charms/Necromancy            3
   e - Animate Dead                   Necromancy                   4
   f - Borgnjor's Vile Clutch         Necromancy/Earth             5
Comestibles
 a - 10 rations


   Skills:
 + Level 5.4 Fighting
 + Level 7.1 Dodging
 + Level 7.0 Stealth
 * Level 7.2 Unarmed Combat
 + Level 2.7 Invocations


You had 4 spell levels left.
You knew the following spells:

 Your Spells              Type           Power        Failure   Level  Hunger
a - Swiftness             Chrm/Air       #.......     47%         2    ###....


Dungeon Overview and Level Annotations

Branches:
Dungeon (6/15)             Temple (1/1) D:5

Altars:
Ashenzari
Cheibriados
Dithmenos
Elyvilon
Fedhas
Gozag
Kikubaaqudgha
Makhleb
Okawaru
Qazlal
Ru
Sif Muna
Trog
Uskayaw
Vehumet
Xom
Yredelemnul
Zin
The Shining One

Shops:
D:5 =

Annotations:
D:3 Totori's ghost, amateur HOFE
D:6 Flooderbenga's ghost, novice GnNe


Innate Abilities, Weirdness & Mutations

You cannot wear armour.
You are incapable of wielding weapons or throwing items.
Your paws allow you to move quietly. (Stealth)
You have sharp claws.
You have razor-sharp teeth.
You have supernaturally acute eyesight. (SInv)
You are carnivorous and can eat meat at any time.
You cover ground quickly.
You are covered in thick fur. (AC +2)
You have a slow metabolism.
Your sharp claws are effective at attacking unaware monsters.


Message History

You closely miss the black bear.
You bite the black bear, but do no damage.
The black bear is almost dead.
The black bear bites you. The black bear barely misses you.
The black bear claws you.
* * * LOW HITPOINT WARNING * * *
You barely miss the black bear.
The black bear is almost dead.
The black bear completely misses you. x2; The black bear misses you.
The black bear bites you.
* * * LOW HITPOINT WARNING * * *
The black bear completely misses you. x2
You closely miss the black bear.
The black bear is almost dead.
The black bear barely misses you. The black bear completely misses you.
The black bear misses you.
You barely miss the black bear.
The black bear is almost dead.
The black bear completely misses you. x2; The black bear claws you.
You die...

###########
###..#.#
#..#.#
#..#.##.#
#.......#
#..######
#.###..## #
#.......#
#.#######.###
#.h@......#
###########


You could see a black bear (berserk).

Vanquished Creatures
  A water moccasin (D:6)
  An ice beast (D:6)
  A phantom (D:4)
  A necrophage (D:6)
  2 ogres
  A centaur (D:5)
  4 bullfrogs
  A scorpion (D:6)
  A howler monkey (D:5)
  2 crimson imps (D:6)
  2 hounds
  An orc priest (D:5)
  A jelly (D:6)
  3 orc wizards (D:5)
  A bullfrog skeleton (D:6)
  A worker ant (D:5)
  7 adders
  8 gnolls
  An ooze (D:3)
  An adder zombie (D:5)
  2 worms (D:3)
  3 leopard geckos
  11 orcs
  2 giant cockroaches
  9 goblins
  3 hobgoblins
  2 jackals (D:6)
  A quokka (D:5)
  6 bats
  4 frilled lizards
  8 kobolds
  A leopard gecko zombie (D:6)
  9 rats
102 creatures vanquished.

Notes
Turn   | Place    | Note
-------+----------+-------------------------------------------
     0 | D:1      | Hasart the Felid Monk began the quest for the Orb.
     0 | D:1      | Reached XP level 1. HP: 10/10 MP: 2/2
   615 | D:1      | Reached XP level 2. HP: 12/14 MP: 3/3
  1040 | D:2      | Reached XP level 3. HP: 15/17 MP: 4/4
  1486 | D:2      | You fall through a shaft for 2 floors!
  1559 | D:3      | You fall through a shaft!
  1583 | D:4      | Noticed a phantom
  1894 | D:2      | Reached XP level 4. HP: 21/21 MP: 5/5
  2658 | D:2      | Found a glowing golden altar of the Shining One.
  3037 | D:3      | Reached XP level 5. HP: 22/25 MP: 6/6
  3309 | D:3      | Reached skill level 5 in Dodging
  3376 | D:3      | Found an ancient bone altar of Kikubaaqudgha.
  3382 | D:3      | Found a blossoming altar of Fedhas.
  3386 | D:3      | Found a basalt altar of Yredelemnul.
  3834 | D:3      | Noticed Totori's ghost (amateur HOFE)
  4120 | D:4      | Noticed an ogre
  4128 | D:4      | Killed an ogre
  4128 | D:4      | Gained mutation: You are covered in thick fur. (AC +2) [Felid growth]
  4128 | D:4      | Reached XP level 6. HP: 27/28 MP: 7/7
  4468 | D:4      | Reached skill level 5 in Unarmed Combat
  4645 | D:4      | Found a white marble altar of Elyvilon.
  4814 | D:4      | Reached skill level 5 in Stealth
  5296 | D:5      | Entered Level 5 of the Dungeon
  5323 | D:5      | Found a sacrificial altar of Ru.
  5429 | D:5      | Found a shattered altar of Ashenzari.
  5489 | D:5      | Killed from afar by an orc priest
  5490 | D:5      | Reached XP level 5. HP: -2/25 MP: 6/6
  5494 | D:5      | Found Texeawun's Jewellery Emporium.
  5567 | D:5      | Reached XP level 6. HP: 16/29 MP: 7/7
  5645 | D:5      | Bought an uncursed ring of stealth for 227 gold pieces
  5714 | D:5      | Identified Mofyusue's Disquisition on Flight
  5725 | D:5      | Learned a level 2 spell: Swiftness
  5734 | D:5      | Found a staircase to the Ecumenical Temple.
  5743 | Temple   | Entered the Ecumenical Temple
  5955 | Temple   | Became a worshipper of Uskayaw the Reveler
  5955 | Temple   | Reached * piety under Uskayaw
  6068 | D:5      | Reached ** piety under Uskayaw
  6207 | D:5      | Found a shadowy altar of Dithmenos.
  6638 | D:5      | Reached skill level 1 in Invocations
  6646 | D:5      | Reached *** piety under Uskayaw
  6647 | D:5      | Reached XP level 7. HP: 26/33 MP: 8/8
  7235 | D:6      | Reached skill level 5 in Fighting
  7359 | D:6      | Found a burning altar of Makhleb.
  7361 | D:6      | Found a glowing silver altar of Zin.
  7361 | D:6      | Noticed an angel
  7361 | D:6      | Noticed a balrug
  7419 | D:6      | Reached XP level 8. HP: 37/37 MP: 10/10
  7678 | D:6      | Noticed Flooderbenga's ghost (novice GnNe)
  7732 | D:6      | Slain by a black bear
  7733 | D:6      | Reached XP level 7. HP: 0/33 MP: 6/10
  8023 | D:6      | Slain by a black bear

Skill      XL: |  1  2  3  4  5  6  7  8 |
---------------+-------------------------+-----
Stealth        | 3 4 5 6 7 |  7.0
Unarmed Combat | 4 6 7 |  7.2
Dodging        | 5 6 7 |  7.1
Fighting       | 4 5 |  5.4
Invocations    | 1 2 |  2.7

Action                   |  1- 3 |  4- 6 |  7- 9 || total
-------------------------+-------+-------+-------++-------
Melee: Unarmed           |    83 |   208 |   128 ||   419
       Bite              |     7 |    21 |    22 ||    50
       Punch             |     1 |     4 |     3 ||     8
Invok: Stomp             |       |       |     1 ||     1
       Line Pass         |       |       |     1 ||     1
  Use: Potion            |       |       |     1 ||     1
 Stab: Sleeping          |    12 |    14 |     4 ||    30
       Distracted        |       |     2 |     1 ||     3
       Paralysed         |       |     1 |       ||     1
  Eat: Chunk             |     9 |    15 |     1 ||    25
Armor: Skin              |     8 |     6 |     6 ||    20
Dodge: Dodged            |    47 |   123 |   115 ||   285
